[Event "Team 45 45 League T38"]
[Site "Internet Chess Club"]
[Date "2008.08.17"]
[Round "4"]
[White "John3v16"]
[Black "Malcolm"]
[Result "0-1"]
[WhiteElo "1742"]
[BlackElo "1787"]
[Opening "Scandinavian defense"]
[ECO "B01"]
[Time "08:00:07"]
[TimeControl "2700+45"]

1. e4 d5 2. exd5 Qxd5 3. Nc3 Qa5 4. d4 Nf6 5. Nf3 Bf5 6. Bd2 e6 7. Bc4 c6 8. O-O
Qc7 9. Ne5 Nbd7 10. Nxd7 Qxd7 11. Ne2 Bd6 12. Bf4 O-O 13. c3 Rad8 14. Bg5 Qe7
15. Ng3 Bg6 16. Qb3 b5 17. Be2 h6 18. Bh4 Bh7 19. Nh5 g5 20. Bg3 Nxh5 21. Bxh5
a5 22. Qd1 f5 23. f4 g4 24. Qe1 Qd7 25. Bh4 Be7 26. Qf2 Kg7 27. h3 Bg6 28. hxg4
Bxh5 29. gxh5 Bxh4 30. Qxh4 Rg8 31. Rae1 Qd5 32. Qe7+ Kh8 33. Rxe6 Qxg2# {White
checkmated} 0-1

[Event "Team 45 45 League T38"]
[Site "Internet Chess Club"]
[Date "2008.08.14"]
[Round "4"]
[White "rubo"]
[Black "BigMike"]
[Result "1-0"]
[WhiteElo "1717"]
[BlackElo "1717"]
[Opening "Bird's opening"]
[ECO "A03"]
[Time "22:05:10"]
[TimeControl "2700+45"]

1. f4 d5 2. Nf3 g6 3. e3 Bg7 4. Be2 Nf6 5. O-O c5 6. c4 e6 7. Ne5 O-O 8. Qc2 b6
9. Bf3 Bb7 10. cxd5 Nxd5 11. Nc3 Nd7 12. Nxd5 exd5 13. d4 Rc8 14. Qa4 Nxe5 15.
fxe5 a6 16. Bd2 f6 17. Bg4 f5 18. Be2 b5 19. Qd1 c4 20. Qe1 Bh6 21. Rf3 Kg7 22.
Ba5 Qd7 23. Qh4 Rc6 24. Bb4 Rf7 25. Bd6 a5 26. Rh3 Bxe3+ 27. Rxe3 Kg8 28. e6
{Black resigns} 1-0

[Event "Team 45 45 League T38"]
[Site "Internet Chess Club"]
[Date "2008.08.14"]
[Round "4"]
[White "ckm8u"]
[Black "PandorasBox"]
[Result "0-1"]
[WhiteElo "2078"]
[BlackElo "2114"]
[Opening "French: Albin-Alekhine-Châtard attack"]
[ECO "C13"]
[Time "18:02:50"]
[TimeControl "2700+45"]

1. e4 e6 2. d4 d5 3. Nc3 Nf6 4. Bg5 Be7 5. e5 Nfd7 6. h4 Bxg5 7. hxg5 Qxg5 8.
Nh3 Qe7 9. Qg4 g6 10. Nf4 Nc6 11. O-O-O Nb6 12. Rh6 Bd7 13. Qh3 O-O-O 14. Rxh7
Rxh7 15. Qxh7 Qb4 16. a3 Qf8 17. Bb5 Na5 18. Bd3 Nac4 19. Bxc4 Nxc4 20. Nd3 f6
21. f4 g5 22. g3 fxe5 23. fxe5 Qf3 24. Nc5 Nxe5 25. Qe7 Qe3+ 26. Kb1 Nc6 27. Qf6
Qxg3 28. Rh1 Qg4 29. Rh7 Qf5 30. Qg7 Qf1+ 31. Ka2 Qc4+ 32. Kb1 Qxd4 33. Nxe6
Qxg7 34. Nxg7 d4 35. Ne4 g4 36. Nf6 Ne5 37. Ngh5 Bf5 38. Rg7 d3 39. cxd3 Nxd3
40. Rg5 Nb4+ 41. Kc1 Na2# {White checkmated} 0-1

[Event "Team 45 45 League T38"]
[Site "Internet Chess Club"]
[Date "2008.08.17"]
[Round "4"]
[White "Aluminum"]
[Black "smitty120"]
[Result "0-1"]
[WhiteElo "1833"]
[BlackElo "1944"]
[Opening "King's Indian: East Indian defense"]
[ECO "A48"]
[Time "16:01:20"]
[TimeControl "2700+45"]

1. d4 Nf6 2. Nf3 g6 3. Nc3 d5 4. Bf4 a6 5. e3 Bg7 6. Be2 O-O 7. O-O Nh5 8. Bg5
h6 9. Bh4 g5 10. Bg3 Nxg3 11. hxg3 Bf5 12. Ne5 e6 13. f4 c5 14. Bd3 cxd4 15.
exd4 Nc6 16. Bxf5 exf5 17. Nxc6 bxc6 18. fxg5 Qxg5 19. Qd3 Rae8 20. Rf3 Re4 21.
Ne2 Rfe8 22. Rf2 Qg4 23. Kf1 Bxd4 24. Nxd4 Rxd4 25. Qf3 Re5 26. c3 Rde4 27.
Qxg4+ fxg4 28. Rf4 f5 29. Rxe4 Rxe4 30. Kf2 Kf7 31. Rh1 Kg6 32. b3 Kg5 33. Rh2
h5 34. Rh1 f4 35. gxf4+ Rxf4+ 36. Ke3 Re4+ 37. Kf2 h4 38. Rd1 Kf4 39. Rd3 g3+
40. Kf1 Kg4 41. Rd2 h3 42. gxh3+ Kxh3 43. Rd3 Rf4+ 44. Kg1 Rf2 45. a4 Rc2 46.
Kf1 Kh2 {White resigns} 0-1

[Event "Team 45 45 League T38"]
[Site "Internet Chess Club"]
[Date "2008.08.16"]
[Round "4"]
[White "Mr-Inretrospect"]
[Black "Python132"]
[Result "1-0"]
[WhiteElo "1836"]
[BlackElo "1759"]
[Opening "French: exchange variation"]
[ECO "C01"]
[Time "14:10:14"]
[TimeControl "2700+45"]

1. e4 e6 2. d4 d5 3. exd5 exd5 4. Nf3 Bd6 5. Nc3 c6 6. Bg5 f6 7. Be3 Ne7 8. Qd2
O-O 9. Be2 Bg4 10. h3 Bh5 11. g4 Bg6 12. Nh4 Qc7 13. O-O-O Nd7 14. Rdf1 b5 15.
Nxg6 Nxg6 16. f4 a5 17. h4 f5 18. gxf5 Rxf5 19. Bg4 Rff8 20. Be6+ Kh8 21. f5 Ne7
22. Rhg1 Nf6 23. Qg2 Neg8 24. Ne2 a4 25. Bf4 Bxf4+ 26. Nxf4 Nh6 27. Qg3 Ra7 28.
Qa3 Rb8 29. Nd3 Qe7 30. Nc5 b4 31. Qg3 Rd8 32. Re1 Qd6 33. Qg5 Rf8 34. Rg2 b3
35. axb3 axb3 36. Nxb3 Ne4 37. Rxe4 dxe4 38. c3 Qb8 39. Nc5 Qd8 40. Qxd8 Rxd8
41. Nxe4 Rf8 42. Nd6 Ra1+ 43. Kc2 Rh1 44. b4 Rxh4 45. d5 cxd5 46. b5 Rd8 47. Nc8
Nf7 48. Bxf7 Rxc8 49. Bxd5 Rb8 50. c4 Rh3 51. Rf2 Rh6 52. Kc3 Rf6 53. Rf3 g6 54.
fxg6 Rxf3+ 55. Bxf3 hxg6 56. Kb4 g5 57. c5 Kg7 58. b6 Kf7 59. Kb5 Ke7 60. c6 Kd6
61. Bg4 Re8 62. c7 Re5+ 63. Ka6 Rc5 64. c8=Q Rxc8 65. Bxc8 Kc6 66. Ka7 g4 67.
Bxg4 Kb5 68. b7 Ka5 {Black resigns} 1-0

All agree on a set draw.

[Event "Team 45 45 League T38"]
[Site "Internet Chess Club"]
[Date "2008.08.14"]
[Round "4"]
[White "frank001"]
[Black "Ehab"]
[Result "1-0"]
[WhiteElo "1757"]
[BlackElo "1786"]
[Opening "Scandinavian: Pytel-Wade variation"]
[ECO "B01"]
[Time "04:05:47"]
[TimeControl "2700+45"]

1. e4 d5 2. exd5 Qxd5 3. Nc3 Qd6 4. d4 Nf6 5. Nf3 a6 6. Be3 g6 7. Qd2 Bg7 8. h3
b6 9. O-O-O Bb7 10. Ne5 Nbd7 11. f4 O-O-O 12. Nxf7 Qe6 13. Nxh8 Rxh8 14. Kb1 Nd5
15. Nxd5 Qxd5 16. Rg1 b5 17. Be2 Nb6 18. b3 Rd8 19. Bf3 Qd6 20. Bxb7+ Kxb7 21.
g4 Nd5 22. Rgf1 Qa3 23. c3 b4 24. cxb4 Rd6 25. Rc1 Nxb4 26. Rc4 Rb6 27. Rfc1 c6
28. Bf2 a5 29. Be1 e6 30. Rd1 Nd5 31. Qb2 Qxb2+ 32. Kxb2 Ne3 33. Rdc1 Nxc4+ 34.
Rxc4 Rb5 35. Kc2 Rd5 36. Kd3 e5 37. fxe5 Bxe5 38. Bc3 Bf6 39. Rc5 Bd8 40. Ke4
Rd7 41. Bxa5 Re7+ 42. Kd3 Bxa5 43. Rxa5 Kb6 44. Re5 Rf7 45. a3 Rf3+ 46. Re3 Rf7
47. Kc4 g5 48. Re5 Rf3 49. Rxg5 Rxh3 50. Rh5 Rg3 51. Rxh7 Rxg4 52. Rh6 Rg1 53.
a4 Rc1+ 54. Kb4 Rd1 55. a5+ Kc7 56. Rh7+ Kd6 57. Rh4 Kd5 58. Kc3 Rc1+ 59. Kb2
Re1 60. Ka3 Re8 61. Kb4 Rb8+ 62. Ka4 Kd6 63. b4 Rb5 64. Rh6+ Kc7 65. Kb3 Kb7 66.
Kc4 Kc7 67. Re6 Kd7 68. Re5 Rb8 69. d5 cxd5+ 70. Rxd5+ Kc6 71. Rc5+ Kd6 72. b5
Rf8 73. Rc6+ Kd7 74. a6 Rf1 75. Kc5 Rc1+ 76. Kb6 {Black resigns} 1-0

[Event "Team 45 45 League T38"]
[Site "Internet Chess Club"]
[Date "2008.08.14"]
[Round "4"]
[White "Warpdrive"]
[Black "andrew28"]
[Result "0-1"]
[WhiteElo "1703"]
[BlackElo "1785"]
[Opening "Sicilian: Najdorf, 6...e6"]
[ECO "B95"]
[Time "16:01:52"]
[TimeControl "2700+45"]

1. e4 c5 2. Nf3 d6 3. d4 cxd4 4. Nxd4 Nf6 5. Nc3 a6 6. Bg5 e6 7. Be2 Be7 8. O-O
O-O 9. f4 Nbd7 10. Bg4 Nc5 11. Bxf6 Bxf6 12. Nde2 b5 13. Ng3 b4 14. Nce2 Bxb2
15. Rb1 Bf6 16. Rxb4 Qa5 17. Qb1 Bd7 18. f5 Bb5 19. fxe6 fxe6 20. Rd1 Qb6 21.
Kh1 Qc6 22. Nd4 Bxd4 23. Rbxd4 Rad8 24. Bf3 e5 25. R4d2 Na4 26. Qb3+ Kh8 27. Ne2
Bxe2 28. Bxe2 Nc3 29. Re1 Nxe4 30. Bf3 Nxd2 31. Bxc6 Nxb3 32. cxb3 Rf2 33. a4
Rb8 34. Bd5 Rd2 35. Bc4 a5 36. Rf1 d5 37. Bb5 d4 38. g3 e4 39. Re1 e3 40. Bc4
Rf8 {White resigns} 0-1

[Event "Team 45 45 League T38"]
[Site "Internet Chess Club"]
[Date "2008.08.15"]
[Round "4"]
[White "rojito"]
[Black "Ernie1"]
[Result "1/2-1/2"]
[WhiteElo "1719"]
[BlackElo "1606"]
[Opening "Caro-Kann: Panov-Botvinnik attack"]
[ECO "B13"]
[Time "21:47:21"]
[TimeControl "2700+45"]

1. e4 c6 2. d4 d5 3. exd5 cxd5 4. c4 Nf6 5. Nf3 e6 6. Bd3 a6 7. O-O dxc4 8. Bxc4
b5 9. Bd3 Bb7 10. a3 Be7 11. Nc3 O-O 12. Re1 Nbd7 13. Bc2 Nb6 14. Ne5 Nbd5 15.
Qd3 b4 16. Ne4 Nxe4 17. Qxe4 f5 18. Qe2 bxa3 19. bxa3 Nc3 20. Qd3 Qd5 21. f3 Nb5
22. Be3 Rfd8 23. Red1 Bf6 24. Bb3 Qd6 25. Qxf5 Bd5 26. Bxd5 Qxd5 27. Qh5 g6 28.
Qh6 Bxe5 29. dxe5 Qxe5 30. Re1 Qg7 31. Qh3 Re8 32. Rad1 Nxa3 33. Bh6 Qf6 34. f4
Nb5 35. Rd7 Ra7 36. Bg5 Qh8 37. Rxa7 Nxa7 38. Qd3 Nb5 39. Qd7 Qd4+ 40. Qxd4 Nxd4
41. Ra1 Ra8 42. Bf6 Ne2+ 43. Kf2 Nxf4 44. g3 Nd5 45. Be5 Kf7 46. Kf3 a5 47. Ke4
a4 48. Rf1+ Ke7 49. Rb1 Ra7 50. Bd4 Rc7 51. Ra1 Rc4 52. Kd3 Rc6 53. Rxa4 Kd6 54.
Ra7 Rc7 55. Ra6+ {Game drawn by mutual agreement} 1/2-1/2

[Event "Team 45 45 League T38"]
[Site "Internet Chess Club"]
[Date "2008.08.16"]
[Round "4"]
[White "chess92192"]
[Black "ShanghaiTom"]
[Result "0-1"]
[WhiteElo "1810"]
[BlackElo "1703"]
[Opening "Scotch game"]
[ECO "C45"]
[Time "21:02:59"]
[TimeControl "2700+45"]

1. e4 e5 2. Nf3 Nc6 3. d4 exd4 4. Nxd4 Bc5 5. Be3 Nxd4 6. Bxd4 Bxd4 7. Qxd4 Qf6
8. c3 d6 9. Bc4 Qg6 10. Nd2 Ne7 11. O-O-O Nc6 12. Qe3 O-O 13. g3 a6 14. f4 Re8
15. Rde1 b5 16. Bd5 Bb7 17. h4 Na5 18. h5 Qf6 19. Bxb7 Nxb7 20. g4 Qe6 21. Kb1
d5 22. f5 Qe5 23. h6 g6 24. fxg6 fxg6 25. Qd3 dxe4 26. Rxe4 Qd6 27. Rd4 Qe6 28.
Ne4 Rad8 29. Rd1 Rxd4 30. Qxd4 Qxe4+ 31. Qxe4 Rxe4 32. Rd7 Rxg4 33. Rg7+ Kf8 34.
Rxh7 Nd6 35. Rxc7 Nf7 36. Rc8+ Ke7 37. Rc7+ Kf8 38. Rc8+ Ke7 39. Rc7+ Ke8 40. h7
Rh4 41. Rc8+ Ke7 42. Rg8 Kf6 43. Ra8 Rxh7 44. Rxa6+ Kg7 45. Rb6 Rh5 46. Kc2 Rf5
47. Kd3 g5 48. Ke4 Re5+ 49. Kd4 g4 50. Rb7 g3 {White resigns} 0-1

ninti forfeited, and the forfeit win is awarded to bible